 Seeded DCSS version 0.30.1-9-gdf580d7c3d (webtiles) character file.

Game seed: 9106806156630997546 (custom seed)

95 Psyclone the Conjurer (level 4, 21/24 HPs)
             Began as a Deep Elf Conjurer on Oct 9, 2023.
             Quit the game on level 6 of the Dungeon.
             The game lasted 00:01:06 (407 turns).

Psyclone the Conjurer (Deep Elf Conjurer)            Turns: 407, Time: 00:01:07

Health: 21/24      AC:  2    Str:  4    XL:     4   Next: 39%
Magic:  3/10       EV: 12    Int: 25    God:
Gold:   98         SH:  0    Dex: 13    Spells: 6/9 levels left

rFire   . . .        (no weapon)
rCold   . . .        (no shield)
rNeg    . . .        a - +0 robe
rPois   .            (no helmet)
rElec   .            (no cloak)
rCorr   .            (no gloves)
SInv    .            (no boots)
Will    .....        (no amulet)
Stlth   ++           (no ring)
HPRegen 0.24/turn    (no ring)
MPRegen 0.12/turn

%: no passive effects
@: no status effects
A: no striking features
a: no special abilities


You were on level 6 of the Dungeon.
You visited 1 branch of the dungeon, and saw 6 of its levels.

You collected 98 gold pieces.

Inventory:

Armour
 a - a +0 robe (worn)
Potions
 b - a potion of magic
 c - a potion of haste {unknown}
 d - a potion of degeneration {unknown}


   Skills:
 - Level 2.4 Dodging
 - Level 2.4 Stealth
 - Level 3.0 Spellcasting
 + Level 6.5 Conjurations


You had 6 spell levels left.
You knew the following spells:

 Your Spells              Type           Power      Damage    Failure   Level
a - Magic Dart            Conj           100%       1d8       1%          1
b - Searing Ray           Conj           72%        2d7       1%          2

Your spell library contained the following spells:

 Spells                   Type           Power      Damage    Failure   Level
 Dazzling Flash           Conj/Hex       40%        N/A       8%          3
 Fulminant Prism          Conj/Hex       10%        3d8       26%         4
 Iskenderun's Mystic Bla  Conj/Tloc      20%        2d6       26%         4
 Summon Guardian Golem    Hex/Summ       3%         N/A       30%         3
 Orb of Destruction       Conj           18%        9d8       99%         7
 Spellforged Servitor     Conj/Summ      10%        N/A       100%        7


Dungeon Overview and Level Annotations

Branches:
Dungeon (6/15) Zot: 26970
 Temple: D:4-7

Altars:
Qazlal

Annotations:
D:3 Natasha


Message History

You take 6 damage, and have 9/15 hp.
MASSIVE DAMAGE!!
You now have 5/8 mp.
The searing ray hits the bullfrog!
You kill the bullfrog!
Your Conjurations skill increases to level 6!
You have reached level 3!
Your experience leads to an increase in your attributes!
Increase (S)trength, (I)ntelligence, or (D)exterity?
You feel clever. x2; You have reached level 4!
You feel clever.
You regained 6 hp, and now have 15/24 hp.
You now have 4/10 mp.
A gnoll comes into view. It is wielding a +0 spear.
The gnoll moves out of view.
Found 14 gold pieces.
Found a ruby potion.
Casting: Searing Ray (safe; 1% risk of failure)
Confirm with . or Enter, or press ? or * to list all spells.
Aiming: Searing Ray (safe; 1% risk of failure)
Press: ? - help, Shift-Dir - straight line, f - gnoll
Aim: a gnoll, wielding a +0 spear (83% to hit)
The searing ray hits the gnoll.
The gnoll is moderately wounded. (Press . to maintain the ray.)
You now have 3/10 mp.
The searing ray hits the gnoll!
The gnoll is severely wounded.
You now have 2/10 mp.
The searing ray hits the gnoll!
You kill the gnoll!
You now have 1/10 mp.
Found a scroll labelled QAQILO XEIPH.
Found a scroll labelled GIKETE XEAPEJU.
e - a scroll labelled GIKETE XEAPEJU This is a scroll of acquirement!
You see here a book of Dangerous Friends.
Something appears at your feet!
You pick up a book of Dangerous Friends and begin reading...
You add the spells Summon Guardian Golem, Orb of Destruction and Spellforged Servitor to your library.
Unknown command.
Unknown command.
Are you sure you want to abandon this character and quit the game? (Confirm with "yes".)

#.. .....#.....
#...#....#....#
##...#........##
.#.$...........#
.#.###.........#
.!..##.........#
.....###.......####
#.....##..........#
##.#............@.#
...##).......?....#
...#.....#........#
.........#...##.###
<..........####.#
....#....#.. #..
##.##....#.. ...#
####....##.. #.##
..


There were no monsters in sight!

Vanquished Creatures
  A bullfrog (D:6)
  A gnoll (D:6)
  2 dart slugs
  An orc (D:5)
  A bat (D:1)
  An endoplasm (D:4)
  A hobgoblin (D:4)
  3 jackals
  A kobold (D:4)
12 creatures vanquished.

Notes
Turn   | Place    | Note
-------+----------+-------------------------------------------
     0 | D:1      | Psyclone the Deep Elf Conjurer began the quest for the Orb.
     0 | D:1      | Reached XP level 1. HP: 10/10 MP: 6/6
    28 | D:2      | Found a stormy altar of Qazlal.
   142 | D:2      | Reached XP level 2. HP: 15/15 MP: 5/8
   205 | D:2      | Learned a level 2 spell: Searing Ray
   206 | D:3      | Noticed Natasha
   229 | D:4      | Reached skill level 5 in Conjurations
   311 | D:5      | Entered Level 5 of the Dungeon
   377 | D:6      | Noticed a bullfrog
   380 | D:6      | Killed a bullfrog
   381 | D:6      | Reached skill level 6 in Conjurations
   381 | D:6      | Reached XP level 3. HP: 12/19 MP: 4/9
   381 | D:6      | Reached XP level 4. HP: 15/24 MP: 4/10
   403 | D:6      | Identified a scroll of acquirement
   403 | D:6      | Acquired a book of Dangerous Friends
   407 | D:6      | Quit the game

Illustrated notes

Levels and vault maps discovered:
D:1:      onia_arrival_mini_spirals, layout_loops_ring, serial_shops, shop
D:2:      layout_rooms, basic_altar, reono_crystal_passage, minmay_tetromino_l2,
          uniq_robin, uniq_jessica, uniq_crazy_yiuf_cottage
D:3:      layout_loops_ring, uniq_sigmund, uniq_natasha
D:4:      layout_rooms, ebering_ghost_sewer_d, nicolae_take_the_stairs,
          grunt_ministairs_6, ebering_dispersal_statue_hall,
          minmay_ogre_servants
D:5:      nicolae_cairo_tiling_large, layout_basic, slow_altar_2,
          minmay_temple_entry_junction_2, portal_sewer_entry_b
D:6:      layout_cave_pools

Skill      XL: |  1  2 |
---------------+-------+-----
Conjurations   | 6 |  6.5
Dodging        | |  2.4
Stealth        | |  2.4
Spellcasting   | |  3.0

Action                     |  1- 3 |  4- 6 || total
---------------------------+-------+-------++-------
   Cast: Magic Dart        |    13 |       ||    13
         Searing Ray       |     3 |     1 ||     4
    Use: Scroll            |       |     1 ||     1
  Dodge: Dodged            |    14 |       ||    14
